TOP OF THE 1ST |
Kingston Township Knights batting - Pitching for Wizarding Express : RHP Juan Contreras
|
Pitching: RHP Juan Contreras
|
|
Batting: RHB Alfredo Cardenas
|
0-0: Ball 1-0: Called Strike 1-1: DOUBLE (Line Drive, 89D)
|
Batting: LHB António González
|
0-0: Ball 1-0: Called Strike Alfredo Cardenas is caught stealing 3rd base 1-1: Ground out U3 (Groundball, 3L)
|
Batting: RHB Ron Bernard
|
0-0: Ball 1-0: Fly out, F4 (Popup, 34S)
|
Top of the 1st over - 0 runs, 1 hit, 0 errors, 0 left on base; Kingston Township 0 - Wizarding 0 |
BOTTOM OF THE 1ST |
Wizarding Express batting - Pitching for Kingston Township Knights : RHP António Rúbio
|
Pitching: RHP António Rúbio
|
|
Batting: LHB Jesús Lazcano
|
0-0: Fly out, F7 (Flyball, 78D)
|
Batting: RHB Ralph Cranford
|
0-0: SOLO HOME RUN (Flyball, 7LD), Distance : 328 ft
|
Batting: RHB Robinson Barquero
|
0-0: Ball 1-0: Ground out U3 (Groundball, 34)
|
Batting: LHB Jin-yong Myung
|
0-0: Called Strike 0-1: Ball 1-1: Ground out 4-3 (Groundball, 4)
|
Bottom of the 1st over - 1 run, 1 hit, 0 errors, 0 left on base; Kingston Township 0 - Wizarding 1 |
TOP OF THE 2ND |
Kingston Township Knights batting - Pitching for Wizarding Express : RHP Juan Contreras
|
Batting: LHB Ed Mellor
|
0-0: Ball 1-0: Called Strike 1-1: Foul Ball, location: 2F 1-2: Ball 2-2: Ground out 3-1 (Groundball, 34)
|
Batting: RHB EP Weston
|
0-0: Foul Ball, location: 2F 0-1: Fly out, F7 (Flyball, 78M)
|
Batting: RHB Júlio Rodríguez
|
0-0: SINGLE (Groundball, 34S) (infield hit)
|
Batting: RHB José Icaza
|
0-0: Ball 1-0: Ball 2-0: Ball 3-0: Called Strike 3-1: SINGLE (Groundball, 56D) Júlio Rodríguez to second
|
Batting: RHB Alejandro Serrato
|
0-0: Fielders Choice at 2nd, 5-4 (Groundball, 5L)
|
Top of the 2nd over - 0 runs, 2 hits, 0 errors, 2 left on base; Kingston Township 0 - Wizarding 1 |
BOTTOM OF THE 2ND |
Wizarding Express batting - Pitching for Kingston Township Knights : RHP António Rúbio
|
Batting: LHB Adrian McCoy
|
0-0: Foul Ball, location: 2F 0-1: Foul Ball, location: 2F 0-2: Ball 1-2: SINGLE (Line Drive, 9LS)
|
Batting: SHB Salvador Trevino
|
0-0: Called Strike 0-1: Foul Ball, location: 2F 0-2: Ball 1-2: Ball 2-2: Foul Ball, location: 2F 2-2: 2-RUN HOME RUN (Flyball, 9D), Distance : 357 ft
|
Batting: RHB Louis Gibbons
|
0-0: Swinging Strike 0-1: Ground out 3-1 (Groundball, 34S)
|
Batting: LHB António Boccanegra
|
0-0: Ball 1-0: Called Strike 1-1: Ball 2-1: Ground out 4-3 (Groundball, 4)
|
Batting: RHB Panas Pletnev
|
0-0: Swinging Strike 0-1: Ball 1-1: DOUBLE (Line Drive, 7LM)
|
Batting: LHB Jesús Lazcano
|
0-0: Ball 1-0: Ball 2-0: Ball 3-0: Base on Balls
|
Batting: RHB Ralph Cranford
|
0-0: Foul Ball, location: 2F 0-1: Fielders Choice at 2nd, 5-4 (Groundball, 56)
|
Bottom of the 2nd over - 2 runs, 3 hits, 0 errors, 2 left on base; Kingston Township 0 - Wizarding 3 |
TOP OF THE 3RD |
Kingston Township Knights batting - Pitching for Wizarding Express : RHP Juan Contreras
|
Batting: LHB Ruben Yim
|
0-0: Ball 1-0: Ball 2-0: Ground out 4-3 (Groundball, 4)
|
Batting: RHB Alfredo Cardenas
|
0-0: Swinging Strike 0-1: Foul Ball, location: 2F 0-2: Foul Ball, location: 2F 0-2: Fly out, F5 (Line Drive, 5)
|
Batting: LHB António González
|
0-0: Swinging Strike 0-1: Swinging Strike 0-2: Strikes out swinging
|
Top of the 3rd over - 0 runs, 0 hits, 0 errors, 0 left on base; Kingston Township 0 - Wizarding 3 |
BOTTOM OF THE 3RD |
Wizarding Express batting - Pitching for Kingston Township Knights : RHP António Rúbio
|
Batting: RHB Robinson Barquero
|
0-0: Called Strike 0-1: Ball 1-1: Foul Ball, location: 2F 1-2: Ball 2-2: Foul Ball, location: 2F 2-2: Foul Ball, location: 2F 2-2: SINGLE (Groundball, 25) (infield hit)
|
Batting: LHB Jin-yong Myung
|
0-0: Reached on error, E3 (Groundball, 34S) Robinson Barquero to third
|
Batting: LHB Adrian McCoy
|
0-0: Ball 1-0: Ball 2-0: Ball 3-0: Base on Balls
|
Batting: SHB Salvador Trevino
|
0-0: Ball 1-0: Ground out 3-1 (Groundball, 34S) Robinson Barquero scores Jin-yong Myung to third Adrian McCoy to second
|
Batting: RHB Louis Gibbons
|
0-0: SINGLE (Line Drive, 4D) Jin-yong Myung scores Adrian McCoy to third Runner from 3rd tries for Home, SAFE, no throw
|
Batting: LHB António Boccanegra
|
0-0: Called Strike 0-1: Foul Ball, location: 2F 0-2: Grounds into double play, 2-4-3 (Groundball, 2L)
|
Bottom of the 3rd over - 3 runs, 2 hits, 1 error, 0 left on base; Kingston Township 0 - Wizarding 6 |
TOP OF THE 4TH |
Kingston Township Knights batting - Pitching for Wizarding Express : RHP Juan Contreras
|
Batting: RHB Ron Bernard
|
0-0: Ball 1-0: Ball 2-0: Ball 3-0: Base on Balls
|
Batting: LHB Ed Mellor
|
0-0: Ball 1-0: Swinging Strike 1-1: DOUBLE (Groundball, 3L) Ron Bernard to third Runner from 3rd tries for Home, throw and OUT!
|
Batting: RHB EP Weston
|
0-0: Ball Wild Pitch! Ed Mellor to third 1-0: Swinging Strike 1-1: Ball 2-1: Ball 3-1: Foul Ball, location: 2F 3-2: Base on Balls
|
Batting: RHB Júlio Rodríguez
|
0-0: Ball 1-0: Called Strike 1-1: Foul Ball, location: 2F 1-2: Foul Ball, location: 2F 1-2: Ball 2-2: Ball 3-2: Fly out, F9 (Line Drive, 9) Runner from 3rd tags up, SCORES, throw made
|
Batting: RHB José Icaza
|
0-0: Ball 1-0: Foul Ball, location: 2F 1-1: Foul Ball, location: 2F 1-2: Foul Ball, location: 2F 1-2: DOUBLE (Flyball, 8LD) EP Weston to third
|
Batting: RHB Alejandro Serrato
|
0-0: Called Strike 0-1: Foul Ball, location: 2F 0-2: Strikes out swinging
|
Top of the 4th over - 1 run, 2 hits, 0 errors, 2 left on base; Kingston Township 1 - Wizarding 6 |
BOTTOM OF THE 4TH |
Wizarding Express batting - Pitching for Kingston Township Knights : RHP António Rúbio
|
Batting: RHB Panas Pletnev
|
0-0: Ball 1-0: Swinging Strike 1-1: Ball 2-1: Ball 3-1: Foul Ball, location: 2F 3-2: Ground out 5-3 (Groundball, 56S)
|
Batting: LHB Jesús Lazcano
|
0-0: Ball 1-0: Ball 2-0: Ball 3-0: Called Strike 3-1: Foul Ball, location: 2F 3-2: Base on Balls
|
Batting: RHB Ralph Cranford
|
0-0: Ball 1-0: Called Strike Jesús Lazcano steals 2nd base 1-1: Ball 2-1: SINGLE (Line Drive, 56D) Jesús Lazcano to third Runner from 3rd tries for Home, SAFE, no throw
|
Pitching: RHP Ray Goolsby
|
|
Batting: RHB Robinson Barquero
|
0-0: Called Strike 0-1: Grounds into double play, 4-6-3 (Groundball, 4)
|
Bottom of the 4th over - 1 run, 1 hit, 0 errors, 0 left on base; Kingston Township 1 - Wizarding 7 |
TOP OF THE 5TH |
Kingston Township Knights batting - Pitching for Wizarding Express : RHP Juan Contreras
|
Batting: LHB Ruben Yim
|
0-0: Foul Ball, location: 2F 0-1: Foul Ball, location: 2F 0-2: Ball 1-2: Foul Ball, location: 2F 1-2: Strikes out swinging
|
Batting: RHB Alfredo Cardenas
|
0-0: Foul Ball, location: 2F 0-1: Ball 1-1: Fly out, F7 (Flyball, 7LM)
|
Batting: LHB António González
|
0-0: Ball 1-0: Called Strike 1-1: Foul Ball, location: 2F 1-2: Ball 2-2: Ball 3-2: Foul Ball, location: 2F 3-2: Fly out, F3 (Line Drive, 34)
|
Top of the 5th over - 0 runs, 0 hits, 0 errors, 0 left on base; Kingston Township 1 - Wizarding 7 |
BOTTOM OF THE 5TH |
Wizarding Express batting - Pitching for Kingston Township Knights : RHP Ray Goolsby
|
Batting: LHB Jin-yong Myung
|
0-0: Ball 1-0: Ball 2-0: Ball 3-0: Called Strike 3-1: Base on Balls
|
Batting: LHB Adrian McCoy
|
0-0: Ball 1-0: Called Strike 1-1: Ball 2-1: Swinging Strike 2-2: Ball 3-2: Strikes out swinging
|
Batting: SHB Salvador Trevino
|
0-0: Ball 1-0: Ball 2-0: Swinging Strike 2-1: Ball 3-1: Base on Balls Jin-yong Myung to second
|
Batting: RHB Louis Gibbons
|
0-0: Ball 1-0: Ball 2-0: Ball 3-0: Called Strike 3-1: Base on Balls Jin-yong Myung to third Salvador Trevino to second
|
Batting: LHB António Boccanegra
|
0-0: Ball 1-0: Fly out, F9 (Flyball, 89M) Runner from 3rd tags up, SCORES, throw made
|
Batting: RHB Panas Pletnev
|
0-0: Called Strike 0-1: SINGLE (Line Drive, 56D) Salvador Trevino to third Louis Gibbons to second Runner from 3rd tries for Home, SAFE, no throw
|
Batting: LHB Jesús Lazcano
|
0-0: Ball 1-0: Called Strike 1-1: Ball 2-1: Fly out, F8 (Flyball, 8RD)
|
Bottom of the 5th over - 2 runs, 1 hit, 0 errors, 2 left on base; Kingston Township 1 - Wizarding 9 |
TOP OF THE 6TH |
Kingston Township Knights batting - Pitching for Wizarding Express : RHP Juan Contreras
|
Batting: RHB Ron Bernard
|
0-0: Called Strike 0-1: Ball 1-1: Ball 2-1: Ground out 6-3 (Groundball, 6)
|
Batting: LHB Ed Mellor
|
0-0: Called Strike 0-1: SINGLE (Groundball, 4MS) (infield hit)
|
Batting: RHB EP Weston
|
0-0: Called Strike 0-1: Ball 1-1: Fly out, F9 (Flyball, 89S)
|
Batting: RHB Júlio Rodríguez
|
0-0: Ball 1-0: Swinging Strike 1-1: DOUBLE (Line Drive, 9D) Ed Mellor to third Runner from 3rd tries for Home, SAFE, throw made at trailing runner, OUT at third!
|
Top of the 6th over - 1 run, 2 hits, 0 errors, 0 left on base; Kingston Township 2 - Wizarding 9 |
BOTTOM OF THE 6TH |
Wizarding Express batting - Pitching for Kingston Township Knights : RHP Ray Goolsby
|
Batting: RHB Ralph Cranford
|
0-0: Ball 1-0: Ball 2-0: Ball 3-0: Called Strike 3-1: Fly out, F6 (Popup, 6M)
|
Batting: RHB Robinson Barquero
|
0-0: Ball 1-0: Called Strike 1-1: Swinging Strike 1-2: Strikes out swinging
|
Batting: LHB Jin-yong Myung
|
0-0: Fly out, F9 (Flyball, 9LM)
|
Bottom of the 6th over - 0 runs, 0 hits, 0 errors, 0 left on base; Kingston Township 2 - Wizarding 9 |
TOP OF THE 7TH |
Kingston Township Knights batting - Pitching for Wizarding Express : RHP Juan Contreras
|
Batting: RHB José Icaza
|
0-0: Ball 1-0: Called Strike 1-1: Swinging Strike 1-2: Fly out, F8 (Flyball, 8LM)
|
Batting: RHB Alejandro Serrato
|
0-0: Ball 1-0: Ball 2-0: Ball 3-0: Called Strike 3-1: Foul Ball, location: 2F 3-2: Foul Ball, location: 2F 3-2: Strikes out swinging
|
Batting: LHB Ruben Yim
|
0-0: Foul Ball, location: 2F 0-1: Called Strike 0-2: Ball 1-2: Foul Ball, location: 2F 1-2: SINGLE (Groundball, 56D)
|
Pitching: RHP Biff Tannen
|
|
Batting: RHB Alfredo Cardenas
|
0-0: Called Strike Ruben Yim steals 2nd base 0-1: Ball 1-1: Ball 2-1: Swinging Strike 2-2: Strikes out swinging
|
Top of the 7th over - 0 runs, 1 hit, 0 errors, 1 left on base; Kingston Township 2 - Wizarding 9 |
BOTTOM OF THE 7TH |
Wizarding Express batting - Pitching for Kingston Township Knights : RHP Ray Goolsby
|
Batting: LHB Adrian McCoy
|
0-0: Called Strike 0-1: Swinging Strike 0-2: Foul Ball, location: 2F 0-2: Strikes out looking
|
Batting: SHB Salvador Trevino
|
0-0: Ball 1-0: Ball 2-0: Ball 3-0: Foul Ball, location: 2F 3-1: Base on Balls
|
Batting: RHB Louis Gibbons
|
0-0: Ball 1-0: Ball 2-0: Ball 3-0: Base on Balls Salvador Trevino to second
|
Batting: LHB António Boccanegra
|
0-0: Ball 1-0: Called Strike 1-1: Called Strike 1-2: Ball 2-2: Strikes out swinging
|
Batting: RHB Panas Pletnev
|
0-0: Ball 1-0: Called Strike 1-1: Ground out 5-3 (Groundball, 56S)
|
Bottom of the 7th over - 0 runs, 0 hits, 0 errors, 2 left on base; Kingston Township 2 - Wizarding 9 |
TOP OF THE 8TH |
Kingston Township Knights batting - Pitching for Wizarding Express : RHP Biff Tannen
|
Batting: LHB António González
|
0-0: Ball 1-0: Swinging Strike 1-1: Ball 2-1: Swinging Strike 2-2: Strikes out swinging
|
Batting: RHB Ron Bernard
|
0-0: Ball 1-0: Called Strike 1-1: Swinging Strike 1-2: Ball 2-2: Ball 3-2: Foul Ball, location: 2F 3-2: Ground out 4-3 (Groundball, 34)
|
Batting: LHB Ed Mellor
|
0-0: Ball 1-0: Foul Ball, location: 2F 1-1: Foul Ball, location: 2F 1-2: Foul Ball, location: 2F 1-2: Strikes out swinging
|
Top of the 8th over - 0 runs, 0 hits, 0 errors, 0 left on base; Kingston Township 2 - Wizarding 9 |
BOTTOM OF THE 8TH |
Wizarding Express batting - Pitching for Kingston Township Knights : RHP Ray Goolsby
|
Batting: LHB Jesús Lazcano
|
0-0: Foul Ball, location: 2F 0-1: TRIPLE (Line Drive, 8LXD)
|
Batting: RHB Ralph Cranford
|
0-0: Swinging Strike 0-1: Ball 1-1: Foul Ball, location: 2F 1-2: Ball 2-2: Ground out 6-3 (Groundball, 6MS) Jesús Lazcano scores
|
Batting: RHB Robinson Barquero
|
0-0: Ball 1-0: Ground out 5-3 (Groundball, 56)
|
Batting: LHB Jin-yong Myung
|
0-0: Ball 1-0: Ground out U3 (Groundball, 3S)
|
Bottom of the 8th over - 1 run, 1 hit, 0 errors, 0 left on base; Kingston Township 2 - Wizarding 10 |
TOP OF THE 9TH |
Kingston Township Knights batting - Pitching for Wizarding Express : RHP Biff Tannen
|
Now at 1B: Paul Penrice
|
|
Batting: RHB EP Weston
|
0-0: Ball 1-0: Foul Ball, location: 2F 1-1: Fly out, F9 (Flyball, 89M)
|
Batting: RHB Júlio Rodríguez
|
0-0: Ball 1-0: Called Strike 1-1: Called Strike 1-2: Ground out 4-3 (Groundball, 4D)
|
Batting: RHB José Icaza
|
0-0: Ball 1-0: Foul Ball, location: 2F 1-1: Ball 2-1: Foul Ball, location: 2F 2-2: Foul Ball, location: 2F 2-2: Ball 3-2: Base on Balls
|
Pitching: RHP Marv Bradford
|
|
Batting: RHB Alejandro Serrato
|
0-0: Ground out U3 (Groundball, 34)
|
Top of the 9th over - 0 runs, 0 hits, 0 errors, 1 left on base; Kingston Township 2 - Wizarding 10 |
|